 Dungeon Crawl Stone Soup version 0.27.1 (webtiles) character file.

Game seed: 16985177955337375265

1575 Thatpatchoflichen the Chiller (level 8, -3/70 HPs)
             Began as a Green Draconian Ice Elementalist on Aug 21, 2021.
             Slain by an orc warrior (6 damage)
             ... on level 6 of the Dungeon on Aug 22, 2021.
             The game lasted 00:20:55 (8377 turns).

Thatpatchoflichen the Chiller (DrIE)                Turns: 8377, Time: 00:20:55

Health: -3/70      AC:  8    Str: 21    XL:     8   Next: 60%
Magic:  11/14      EV: 18    Int: 18    God:
Gold:   423        SH:  0    Dex: 16    Spells: 8/15 levels left

rFire    + . .     SeeInvis .   E - +6 spear "Sehyp" {venom, rF+ Str+4 Dex+5}
rCold    . . .     Faith    .   (no shield)
rNeg     . . .     Spirit   .   (armour unavailable)
rPois    +         Reflect  .   (helmet restricted)
rElec    .         Harm     .   u - +0 cloak
rCorr    .         Rampage  .   o - +0 pair of gloves
Will     .....                  (no boots)
Stlth    ++........             (no amulet)
HPRegen  0.21/turn              g - +6 ring of strength
MPRegen  0.14/turn              i - +4 ring of evasion

@: freezing walls
A: breathe noxious fumes, AC +6, unfitting armour, poison resistance,
cold-blooded
a: Breathe Noxious Fumes


You were on level 6 of the Dungeon.
You visited 1 branch of the dungeon, and saw 6 of its levels.

You collected 423 gold pieces.

Inventory:

Hand Weapons
 a - a +0 club
 k - a +4 hand axe of flaming
 r - a +2 dagger of speed
 E - the +6 spear "Sehyp" (weapon) {venom, rF+ Str+4 Dex+5}
   (You found it on level 6 of the Dungeon)

   It poisons the flesh of those it strikes.
   Str:       It affects your strength (+4).
   Dex:       It affects your dexterity (+5).
   rF:        It protects you from fire.
Missiles
 b - 12 curare-tipped darts
 e - 233 stones
 B - 9 poisoned darts
 D - 4 boomerangs
Armour
 o - a +0 pair of gloves (worn)
 u - a +0 cloak (worn)
Jewellery
 g - a +6 ring of strength (left hand)
 i - a +4 ring of evasion (right hand)
 n - a ring of fire
 C - a ring of ice
Wands
 d - a wand of polymorph (8)
 q - a wand of mindburst (26)
 x - a wand of charming (9)
Scrolls
 c - 4 scrolls of identify {unknown}
 j - 2 scrolls of amnesia {unknown}
 l - a scroll of fear {unknown}
 m - a scroll of vulnerability {unknown}
 v - 2 scrolls of teleportation {unknown}
 y - a scroll of summoning {unknown}
 A - 3 scrolls of fog {unknown}
Potions
 f - 3 potions of curing {unknown}
 h - a potion of flight {unknown}
 p - 2 potions of invisibility {unknown}
 s - 3 potions of heal wounds {unknown}
 t - a potion of brilliance {unknown}
 w - a potion of berserk rage {unknown}
 z - a potion of degeneration {unknown}


   Skills:
 - Level 6.0 Fighting
 + Level 4.9 Dodging
 - Level 1.7 Stealth
 - Level 4.0 Spellcasting
 * Level 3.8 Conjurations
 - Level 6.0 Ice Magic
 + Level 3.2 Poison Magic


You had 8 spell levels left.
You knew the following spells:

 Your Spells              Type           Power      Damage    Failure   Level
a - Freeze                Ice            100%       1d11      1%          1
b - Frozen Ramparts       Ice            50%        1d7       3%          3
c - Ozocubu's Armour      Ice            25%        N/A       3%          3

Your spell library contained the following spells:

 Spells                   Type           Power      Damage    Failure   Level
 Magic Dart               Conj           68%        1d6       3%          1
 Animate Skeleton         Necr           6%         N/A       14%         1
 Pain                     Necr           12%        1d4       14%         1
 Mephitic Cloud           Conj/Pois/Air  12%        N/A       17%         3
 Dazzling Flash           Conj/Hex       20%        N/A       21%         3
 Hailstorm                Conj/Ice       21%        3d6       21%         4
 Call Imp                 Summ           3%         N/A       22%         2
 Vampiric Draining        Necr           1%         2d6       41%         3
 Agony                    Necr           3%         N/A       99%         5
 Silence                  Hex/Air        1%         N/A       99%         5


Dungeon Overview and Level Annotations

Branches:
Dungeon (6/15)
 Temple: D:4-7

Altars:
Elyvilon

Shops:
D:1 (   D:4 (


Innate Abilities, Weirdness & Mutations

You can breathe blasts of noxious fumes.
Your lurid green scales are hard. (AC +6)
You cannot fit into any form of body armour.
Your system is resistant to poisons. (rPois)
You are cold-blooded and may be slowed by cold attacks.


Message History

The orc priest moves out of view.
Training target 6.0 for Fighting reached!
Your Fighting skill increases to level 6!
An orc priest comes into view. It is wielding a +0 short sword.
You puncture the orc!
You kill the orc!
The orc priest invokes the aid of Beogh against you.
Beogh smites you!
The orc warrior hits you with a +0 battleaxe!
You see here a +0 flail.
You completely miss the orc warrior. The orc warrior closely misses you.
The orc warrior misses you.
You hit the orc warrior but do no damage.
The orc warrior is poisoned.
The orc priest invokes the aid of Beogh against you.
Beogh smites you! The orc warrior barely misses you.
Unknown command.
Casting: Freeze (safe; 1% risk of failure)
Confirm with . or Enter, or press ? or * to list all spells.
Casting: Frozen Ramparts (dangerous; 3% risk of failure)
Press: ? - help, Dir - look around, f - activate The walls around you are covered in ice.
The wall freezes the orc priest.
The orc priest casts a cantrip, but nothing happens.
The orc priest calls down the wrath of Beogh upon you.
Beogh smites you!
* * * LOW HITPOINT WARNING * * *
The orc priest completely misses you.
The wall freezes the orc warrior!
The orc warrior misses you.
You puncture the orc priest!
The orc priest is poisoned.
You tail-slap the orc priest.
The orc priest is almost dead.
You kill the orc priest!
The wall freezes the orc priest.
The orc priest calls down the wrath of Beogh upon you.
Pain shoots through your body!
* * * LOW HITPOINT WARNING * * *
The wall freezes the orc warrior.
The orc warrior hits you with a +0 battleaxe.
You die...

##...........#
#...........# #
##..........# #
## #..#......##
## #..
##..#....## #.
.... ##.###### #.
..... #...## #.
......##.†..## #.
.....oo@...(.# #.
......o)...#.....
#.
..........#......
##
.................
#...#....).......
##.#.............
###(...##....##
....## ##+##


You could see an orc warrior (very poisoned) and 2 orc priests.

Vanquished Creatures
  Prince Ribbit (D:5)
  Eustachio (D:5)
  Menkaure (D:4)
  A centaur (D:6)
  A necrophage (D:4)
  2 phantoms
  A scorpion (D:4)
  A jelly (D:5)
  2 howler monkeys
  Crazy Yiuf (D:2)
  2 hounds
  3 orc priests
  A bullfrog skeleton (D:5)
  Jessica (D:2)
  Ijyb (D:3)
  Terence (D:2)
  2 iguanas (D:6)
  An orc wizard (D:5)
  Robin (D:2)
  6 gnolls
  9 adders
  A white imp (D:5)
  A worm (D:3)
  5 dart slugs
  20 orcs
  A bat (D:1)
  6 endoplasms
  A giant cockroach (D:1)
  19 goblins
  7 hobgoblins
  6 jackals
  5 kobolds
  4 quokkas
  9 ball pythons
  2 frilled lizards
  7 rats
134 creatures vanquished.

Notes
Turn   | Place    | Note
-------+----------+-------------------------------------------
     0 | D:1      | Thatpatchoflichen the Draconian Ice Elementalist began the
                  | quest for the Orb.
     0 | D:1      | Reached XP level 1. HP: 14/14 MP: 3/3
   455 | D:2      | Found a faded altar of an unknown god.
   533 | D:2      | Found a white marble altar of Elyvilon.
   541 | D:2      | Reached XP level 2. HP: 22/22 MP: 3/5
   584 | D:2      | Noticed Jessica
   598 | D:2      | Killed Jessica
   599 | D:2      | Reached skill level 1 in Fighting
   599 | D:2      | Reached XP level 3. HP: 10/28 MP: 1/6
  1348 | D:1      | Found Carad's Weapon Shoppe.
  1443 | D:1      | Reached XP level 4. HP: 22/36 MP: 2/7
  2506 | D:2      | Noticed Terence
  2517 | D:2      | Killed Terence
  2805 | D:2      | Reached XP level 5. HP: 42/42 MP: 9/9
  3098 | D:2      | Noticed Robin
  3112 | D:2      | Killed Robin
  3414 | D:2      | Found a runed translucent door.
  3415 | D:2      | Noticed Crazy Yiuf
  3425 | D:2      | Killed Crazy Yiuf
  3426 | D:2      | Reached skill level 5 in Ice Magic
  3431 | D:2      | HP: 2/45 [poisoned by Crazy Yiuf]
  4084 | D:3      | Noticed Ijyb
  4099 | D:3      | Killed Ijyb
  4584 | D:3      | Reached XP level 6. HP: 46/52 MP: 10/10
  5388 | D:4      | Learned a level 3 spell: Frozen Ramparts
  5392 | D:4      | Learned a level 3 spell: Ozocubu's Armour
  5517 | D:4      | Found Mugidad's Antique Weapon Boutique.
  5590 | D:4      | Noticed Menkaure
  5597 | D:4      | Killed Menkaure
  5598 | D:4      | Your scales start taking on a lurid green colour.
  5598 | D:4      | Reached XP level 7. HP: 59/60 MP: 12/12
  5598 | D:4      | Gained mutation: Your system is resistant to poisons.
                  | (rPois) [Green Draconian growth]
  6325 | D:5      | Entered Level 5 of the Dungeon
  6411 | D:5      | Reached skill level 1 in Conjurations
  6517 | D:5      | Noticed Eustachio
  6527 | D:5      | Killed Eustachio
  6528 | D:5      | Reached skill level 5 in Fighting
  6528 | D:5      | Reached skill level 1 in Poison Magic
  6698 | D:5      | Noticed Prince Ribbit
  6722 | D:5      | Killed Prince Ribbit
  6723 | D:5      | Reached XP level 8. HP: 55/69 MP: 9/14
  8268 | D:6      | Identified the +6 spear "Sehyp" {venom, rF+ Str+4 Dex+5}
  8377 | D:6      | HP: 3/70 [orc priest/nerve-wracking pain (12)]
  8377 | D:6      | Slain by an orc warrior

Illustrated notes

Levels and vault maps discovered:
D:1:      lemuel_arrival_behind_the_door_small, layout_loops_ring, serial_shops,
          nicolae_square_shop, minmay_cupped
D:2:      layout_basic, basic_altar, hellmonk_ecumenical_altar_inner_sanctum,
          uniq_jessica, uniq_terence, uniq_crazy_yiuf_cottage, uniq_robin
D:3:      layout_basic, kennysheep_pointless_box, minmay_distorted, uniq_ijyb
D:4:      layout_rooms, serial_shops, shop, serial_corexii_hall,
          chequers_hall_statues_wall_a, corexii_hall_statues_l,
          kennysheep_opposing_triangles, uniq_menkaure
D:5:      layout_basic, serial_park_tiny_1, kennysheep_generic_room_5,
          uniq_prince_ribbit1, uniq_eustachio
D:6:      layout_cave_pods, grunt_potential

Skill      XL: |  1  2  3  4  5  6  7  8 |
---------------+-------------------------+-----
Dodging        | 2 3 4 |  4.9
Fighting       | 1 2 3 4 5 6 |  6.0
Spellcasting   | 3 4 |  4.0
Ice Magic      | 5 6 |  6.0
Conjurations   | 2 3 |  3.8
Poison Magic   | 2 3 |  3.2
Stealth        | |  1.7

Action                   |  1- 3 |  4- 6 |  7- 9 || total
-------------------------+-------+-------+-------++-------
Melee: Club              |    57 |    58 |       ||   115
       Tailslap          |     2 |    18 |    12 ||    32
       Hand axe          |       |   115 |    87 ||   202
       Spear             |       |       |    16 ||    16
 Cast: Freeze            |    32 |    21 |     1 ||    54
       Frozen Ramparts   |       |       |     4 ||     4
       Ozocubu's Armour  |       |       |     1 ||     1
 Stab: Sleeping          |     1 |     3 |       ||     4
       Distracted        |       |     1 |       ||     1
Armor: Skin              |    24 |    45 |    35 ||   104
Dodge: Dodged            |    53 |   161 |   108 ||   322
